 Dungeon Crawl Stone Soup version 0.32-a0-666-ge8a88695a4 (webtiles) character file.

Game seed: 10561847094786747094

4 Sabo the Charlatan (level 1, -1/15 HPs)
             Began as a Coglin Artificer on Mar 10, 2024.
             Slain by a ball python (3 damage)
             ... on level 1 of the Dungeon.
             The game lasted 00:00:42 (143 turns).

Sabo the Charlatan (Coglin Artificer)                Turns: 143, Time: 00:00:42

Health: -1/15      AC:  3    Str: 12    XL:     1   Next: 70%
Magic:  1/1        EV:  1    Int: 10    God:
Gold:   27         SH:  0    Dex: 14    Spells: 0/0 levels left

rFire   . . .        a - +0 club {Numeria}
rCold   . . .        f - +0 dagger {Paullus}
rNeg    . . .        b - +0 leather armour
rPois   .            (no helmet)
rElec   .            (no cloak)
rCorr   .            (no gloves)
SInv    .            (no boots)
Will    .....        (amulet unavailable)
Stlth   +            (ring unavailable)
HPRegen 0.22/turn    (ring unavailable)
MPRegen 0.07/turn    (no gizmo)

%: no passive effects
@: constricted, revved
A: off-hand wielding, slow wielding, warmup strikes, no jewellery
a: Invent Gizmo


You were on level 1 of the Dungeon.
You visited 1 branch of the dungeon, and saw 1 of its levels.

You collected 27 gold pieces.

Inventory:

Hand Weapons
 a - a +0 club (weapon) {Numeria}
 f - a +0 dagger (offhand) {Paullus}
Armour
 b - a +0 leather armour (worn)
 h - a +0 ring mail
Wands
 c - a wand of flame (15) (quivered)
 d - a wand of charming (15)
 e - a wand of iceblast (5)
Scrolls
 g - a scroll of enchant weapon {unknown}


   Skills:
 + Level 1.0 Fighting
 + Level 2.0 Armour
 + Level 0.8 Dodging
 + Level 0.7 Stealth
 + Level 4.2 Evocations


You couldn't memorise any spells.
You didn't know any spells.
Your spell library was empty.

Dungeon Overview and Level Annotations

Branches:
Dungeon (1/15)

Altars:


Innate Abilities, Weirdness & Mutations

You can wield a second weapon in your off-hand.
It takes a long time for you to wield or remove held weapons.
Your first few attacks do less damage.
You cannot equip rings or amulets.


Message History

You hit the rat with your +0 dagger.
You kill the rat!
You now have 27 gold pieces (gained 15).
A hobgoblin comes into view.
The hobgoblin shouts!
You see here a +0 ring mail.
h - a +0 ring mail A ball python comes into view.
The ball python hisses angrily.
You hit the hobgoblin but do no damage.
You hit the hobgoblin with your +0 club.
The hobgoblin hits you but does no damage.
You barely miss the hobgoblin with your +0 club.
The hobgoblin is lightly wounded.
You hit the hobgoblin with your +0 dagger.
The ball python barely misses you. x2; The hobgoblin barely misses you.
You hit the hobgoblin but do no damage.
The hobgoblin is severely wounded.
You closely miss the hobgoblin with your +0 club.
The ball python barely misses you. The ball python grabs you.
The ball python constricts you.
The hobgoblin hits you but does no damage.
You hit the hobgoblin but do no damage.
The hobgoblin is severely wounded.
You hit the hobgoblin but do no damage.
The ball python bites you but does no damage.
The ball python constricts you. The hobgoblin hits you.
The ball python bites you. The ball python constricts you.
You hit the hobgoblin but do no damage.
The hobgoblin is severely wounded.
You hit the hobgoblin but do no damage. The hobgoblin hits you.
The ball python bites you.
* * * LOW HITPOINT WARNING * * *
The ball python constricts you.
* * * LOW HITPOINT WARNING * * *
You hit the ball python but do no damage.
You closely miss the ball python with your +0 club.
The hobgoblin hits you but does no damage.
The ball python bites you.
You die...

#.# #.# #.# #.# #.# #.#
#.# #.# #.# #.#
########.#####.###
..................
###.#########........##†
......g@......##########
.^..#.S######## # # #..
# .... # .##.# # # #. #
#. #.


You could see a hobgoblin and a ball python.

Vanquished Creatures
  2 ball pythons (D:1)
  A quokka (D:1)
  A rat (D:1)
4 creatures vanquished.

Notes
Turn   | Place    | Note
-------+----------+-------------------------------------------
     0 | D:1      | Sabo the Coglin Artificer began the quest for the Orb.
     0 | D:1      | Reached XP level 1. HP: 15/15 MP: 1/1
   143 | D:1      | Slain by a ball python

Illustrated notes

Levels and vault maps discovered:
D:1:      tekkud_arrival_beachfront_property, layout_loops_ring,
          minmay_tromino_i2

Skill      XL: |  1 |
---------------+----+-----
Armour         | 2 |  2.0
Fighting       | |  1.0
Dodging        | |  0.8
Stealth        | |  0.7
Evocations     | |  4.2

Action                     || total
---------------------------++-------
  Melee: Dagger            ||    14
         Club              ||    13
 Armour: Leather armour    ||    20
  Dodge: Dodged            ||    12

Table legend: (Time is in decaauts)
 A = Elapsed time spent in this place.
 B = Non-inter-level travel time spent in this place.
 C = Inter-level travel time spent in this place.
 D = Time resting spent in this place.
 E = Time spent auto-exploring this place.
 F = Levels seen in this place.
 G = Mean time per level.
                   A        B        C        D        E       F      G
               +--------+--------+--------+--------+--------+-----+--------+
         Total |    144 |    144 |      0 |     17 |      0 |   1 |  144.0 |
       Dungeon |    144 |    144 |      0 |     17 |      0 |   1 |  144.0 |
               +--------+--------+--------+--------+--------+-----+--------+

Top non-repeatable levels by time:
     D:1: 144 daAuts
